 Dungeon Crawl Stone Soup version 0.30.0-20-g3615ddf2f0 (webtiles) character file.

Game seed: 15886386134085232950

252 qw the Shield-Bearer (level 6, 0/37 HPs)
             Began as a Gargoyle Fighter on May 31, 2023.
             Slain by a lemure (4 damage)
             ... led by Pikel
             ... on level 4 of the Dungeon.
             The game lasted 00:01:32 (2661 turns).

qw the Shield-Bearer (Gargoyle Fighter)             Turns: 2661, Time: 00:01:32

Health: 0/37       AC: 11    Str: 22    XL:     6   Next: 14%
Magic:  6/6        EV: 12    Int:  8    God:
Gold:   185        SH: 18    Dex:  9    Spells: 5/5 levels left

rFire   . . .        Y - +0 war axe
rCold   . . .        f - +0 tower shield
rNeg    + . .        b - +0 scale mail
rPois   inf          (no helmet)
rElec   +            (no cloak)
rCorr   .            (no gloves)
SInv    .            (no boots)
Will    +....        k - amulet of reflection Stlth
                     n - ring of willpower
HPRegen 0.26/turn    r - +5 ring of evasion
MPRegen 0.10/turn

%: reflection
@: no status effects
A: sickness immunity, AC +4, negative energy resistance 1, electricity
resistance, torment resistance 1, petrification resistance
a: no special abilities


You were on level 4 of the Dungeon.
You visited 1 branch of the dungeon, and saw 4 of its levels.

You collected 185 gold pieces.


Innate Abilities, Weirdness & Mutations

You are immune to sickness and miasma.
Your stone body is resilient. (AC +4)
You are immune to poison.
You resist negative energy. (rN+)
You are resistant to electric shocks. (rElec)
You are resistant to unholy torment.
You are immune to petrification.


   Skills:
 - Level 3.2 Fighting
 - Level 3.0 Axes
 - Level 3.2 Armour
 + Level 6.6 Shields


You had 5 spell levels left.
You didn't know any spells.
Your spell library was empty.

Inventory:

Hand Weapons
 c - a +0 flail
 Y - a +0 war axe (weapon)
Armour
 b - a +0 scale mail (worn)
 f - a +0 tower shield (worn)
Jewellery
 k - an amulet of reflection (around neck)
 n - a ring of willpower (left hand)
 r - a +5 ring of evasion (right hand)
Scrolls
 h - a scroll of teleportation
 o - a scroll of enchant armour
Potions
 d - 2 potions of might
 g - a potion of brilliance {unknown}
 i - a potion of lignification {unknown}
 l - a potion of heal wounds
 m - a potion of curing
 p - a potion of berserk rage {unknown}

Dungeon Overview and Level Annotations

Branches:
Dungeon (4/15)
 Temple: D:4-7

Altars:
Gozag

Shops:
D:2 [

Annotations:
D:3 1 runed translucent door, Crazy Yiuf
D:4 Pikel


Message History

You block Pikel's attack.
You hit Pikel.
Pikel is heavily wounded.
You barely miss the lemure. The lemure barely misses you.
Pikel hits you with a +1 whip of electrocution.
You block Pikel's attack. The lemure hits you.
You slash Pikel!
Pikel is severely wounded.
You barely miss the lemure. x2; You closely miss the lemure. x2
You block the lemure's attack. x2; The lemure closely misses you.
The lemure misses you.
Pikel drinks a potion.
Pikel is healed!
Pikel hits you with a +1 whip of electrocution!
The lemure barely misses you. The lemure hits you but does no damage.
The lemure barely misses you. You block the lemure's attack.
You miss the lemure.
The lemure is heavily wounded.
You hit the lemure. You hit Pikel. You barely miss the lemure.
You hit the lemure.
You block the lemure's attack. x2; The lemure hits you but does no damage.
You block the lemure's attack.
Pikel hits you with a +1 whip of electrocution.
You barely miss Pikel.
Pikel is heavily wounded.
You closely miss the lemure. You hit the lemure.
You hit the lemure but do no damage. You hit the lemure.
You block Pikel's attack. You block the lemure's attack.
The lemure barely misses you. x2; The lemure hits you.
Pikel hits you with a +1 whip of electrocution.
The lemure hits you. The lemure closely misses you.
The lemure hits you but does no damage. The lemure hits you.
You barely miss Pikel.
Pikel is heavily wounded.
You closely miss the lemure. x2; You completely miss the lemure.
You hit the lemure. The lemure hits you but does no damage.
You block Pikel's attack. You block the lemure's attack.
The lemure closely misses you.
You block the lemure's attack. x3; Pikel hits you but does no damage.
The lemure hits you! The lemure hits you.
You die...

#................#
#...#.###........# #...#.#
#####....#
#.######...#.#######....#
..........................
#.##########.#######....##
#.# #..... #5#####
##@5...## #55K....#
......$_$......
######$$$#..##. ##.#.....K
#.#..#... #.#..#... #.#..#
.# #.# .#


You could see Pikel and 4 lemures.

Vanquished Creatures
  A phantom (D:4)
  An orc wizard (D:3)
  3 gnolls (D:2)
  4 adders
  3 worms
  3 dart slugs
  6 orcs (D:3)
  3 bats
  5 endoplasms
  3 giant cockroaches (D:2)
  4 goblins
  9 hobgoblins
  3 quokkas
  6 ball pythons
  4 frilled lizards
  3 kobolds
  4 rats
65 creatures vanquished.

Notes
Turn   | Place    | Note
-------+----------+-------------------------------------------
     0 | D:1      | qw the Gargoyle Fighter began the quest for the Orb.
     0 | D:1      | Reached XP level 1. HP: 14/14 MP: 1/1
     0 | D:1      | 0 ||| qw: Version: 0.2-a-102-gfc559e5
     0 | D:1      | 0 ||| qw: Game counter: 561
     0 | D:1      | 0 ||| qw: Always use a shield: true
     0 | D:1      | 0 ||| qw: God list: Okawaru
     0 | D:1      | 0 ||| qw: Allow faded altars: false
     0 | D:1      | 0 ||| qw: Do Orc after D:15 true
     0 | D:1      | 0 ||| qw: Do second Lair branch before Depths: true
     0 | D:1      | 0 ||| qw: Lair rune preference: random
     0 | D:1      | 0 ||| qw: Plans: Normal, Zot:1-4, Slime:5, God:TSO, Crypt,
                  | Tomb, Pan, Hells, Abyss, Win
     0 | D:1      | 0 ||| PLANNING D:1-11
   119 | D:1      | 119 ||| Stepping ~*~*~tactically~*~*~ (stealth).
   120 | D:1      | 120 ||| Stepping ~*~*~tactically~*~*~ (stealth).
   128 | D:1      | Reached XP level 2. HP: 19/19 MP: 2/2
   206 | D:1      | 206 ||| Stepping ~*~*~tactically~*~*~ (stealth).
   209 | D:1      | 209 ||| Stepping ~*~*~tactically~*~*~ (stealth).
   219 | D:1      | 219 ||| Stepping ~*~*~tactically~*~*~ (stealth).
   228 | D:1      | 228 ||| Stepping ~*~*~tactically~*~*~ (stealth).
   325 | D:1      | 325 ||| Stepping ~*~*~tactically~*~*~ (hiding).
   427 | D:1      | Found a faded altar of an unknown god.
   435 | D:1      | Reached skill level 3 in Axes
   520 | D:1      | 520 ||| UPGRADING to +0 tower shield.
   530 | D:1      | 530 ||| DROPPING +0 buckler.
   531 | D:1      | 531 ||| UPGRADING to ring of willpower.
   532 | D:1      | 532 ||| READING scroll labelled ZOATAT QELE.
   533 | D:1      | 533 ||| READING scroll labelled DUTOPN KILOT.
   534 | D:1      | 534 ||| READING scroll labelled SAFEBI XOOXUCW.
   535 | D:1      | 535 ||| READING scroll labelled FUTSYBB OSAERR.
   538 | D:1      | 538 ||| READING scroll labelled HUFEOT JEU.
   639 | D:1      | 639 ||| DRINKING 3 black potions.
   714 | D:2      | Reached XP level 3. HP: 23/23 MP: 3/3
   740 | D:2      | Found Hivel's Antique Armour Boutique.
   753 | D:2      | 753 ||| Stepping ~*~*~tactically~*~*~ (stealth).
   756 | D:2      | 756 ||| SHOPLISTING pair of boots (112 gold, have 70).
   756 | D:2      | 756 ||| SHOPLISTING pair of embroidered boots (187 gold,
                  | have 70).
   818 | D:2      | 818 ||| Stepping ~*~*~tactically~*~*~ (stealth).
   819 | D:2      | 819 ||| Stepping ~*~*~tactically~*~*~ (stealth).
   824 | D:2      | HP: 1/23 [gnoll/+0 flail (5)]
   825 | D:2      | 825 ||| DRINKING 2 potions of heal wounds.
   827 | D:2      | Reached skill level 4 in Shields
   828 | D:2      | 828 ||| DRINKING potion of heal wounds.
   830 | D:2      | HP: 5/23 [gnoll/+0 flail (2)]
   831 | D:2      | Reached XP level 4. HP: 6/28 MP: 4/4
   832 | D:2      | HP: 2/28 [gnoll/+0 flail (5)]
   941 | D:2      | 941 ||| DROPPING +0 whip.
  1182 | D:2      | Reached skill level 5 in Shields
  1261 | D:2      | Identified the +1 robe of Negation {rPois Slay+2}
  1452 | D:2      | 1452 ||| UPGRADING to amulet of regeneration.
  1457 | D:2      | 1457 ||| READING scroll labelled WEGIR VOEMMAKO.
  1529 | D:3      | Reached XP level 5. HP: 32/32 MP: 5/5
  1707 | D:3      | Found a runed translucent door.
  1708 | D:3      | Noticed Crazy Yiuf
  2516 | D:3      | 2516 ||| UPGRADING to amulet of reflection.
  2526 | D:3      | 2526 ||| DROPPING amulet of regeneration.
  2527 | D:3      | 2527 ||| UPGRADING to +5 ring of evasion.
  2528 | D:3      | 2528 ||| READING scroll labelled QALEFA UM JOAC.
  2552 | D:3      | 2552 ||| READING scroll labelled CIMUWA CUAKK.
  2553 | D:3      | 2553 ||| READING scroll labelled RIHEKL HUUPIOG.
  2588 | D:4      | 2588 ||| PLANNING SEWER
  2606 | D:4      | Noticed a phantom
  2617 | D:4      | Killed a phantom
  2618 | D:4      | Reached skill level 6 in Shields
  2618 | D:4      | Reached XP level 6. HP: 33/37 MP: 6/6
  2639 | D:4      | Found an opulent altar of Gozag.
  2647 | D:4      | Noticed Pikel
  2648 | D:4      | 2648 ||| Stepping ~*~*~tactically~*~*~ (stealth).
  2661 | D:4      | HP: 4/37 [lemure[Pikel] (8)]
  2661 | D:4      | Slain by a lemure

Levels and vault maps discovered:
D:1:      amcnicky_arrival_abandoned_market, layout_rooms,
          shapermc_ecumenical_altar_ellora, hangedman_decor_slide_cut
D:2:      layout_basic, serial_shops, nicolae_shop_stone, serial_aquarium,
          aquarium_bridge_square [aquarium_subvault_bridge,
          aquarium_subvault_wall, aquarium_subvault_bridge,
          aquarium_subvault_bridge], aquarium_bridge_island_small
          [aquarium_subvault_small_water, aquarium_subvault_wall,
          aquarium_subvault_bridge, aquarium_subvault_bridge,
          aquarium_subvault_wall], aquarium_window_1,
          aquarium_window_corridor_3, aquarium_view_2a, aquarium_view_4,
          aquarium_pool_side, amcnicky_mini_rare_corridor_liquid
D:3:      layout_basic, uniq_crazy_yiuf_cottage
D:4:      layout_basic, gammafunk_temple_overflow_pools,
          nicolae_gozag_seed_capital, lightli_sewer_entry_pipes, uniq_pikel,
          uniq_duvessa

Skill      XL: |  1  2  3  4  5 |
---------------+----------------+-----
Axes           | 2 3 |  3.0
Shields        | 4 5 6 |  6.6
Fighting       | |  3.2
Armour         | |  3.2

Action                     |  1- 3 |  4- 6 || total
---------------------------+-------+-------++-------
  Melee: War axe           |    78 |   143 ||   221
    Use: Scroll            |     5 |     4 ||     9
         Potion            |     3 |       ||     3
 Armour: Scale mail        |    36 |    70 ||   106
  Dodge: Dodged            |    34 |    29 ||    63
  Block: Buckler           |    15 |       ||    15
         Tower shield      |    19 |    86 ||   105

Table legend:
 A = Non-vault XP
 B = Vault XP
 C = Vault XP percentage of total XP
 D = Non-vault monster count
 E = Vault monster count
 F = Vault count percentage of total count
                 A         B        C        D         E       F
            +---------+---------+-------+---------+---------+-------
      Total |     361 |       0 |   0.0 |      65 |       0 |   0.0
            +---------+---------+-------+---------+---------+-------
        D:1 |      33 |       0 |   0.0 |      17 |       0 |   0.0
        D:2 |     125 |       0 |   0.0 |      25 |       0 |   0.0
        D:3 |      96 |       0 |   0.0 |      22 |       0 |   0.0
        D:4 |     107 |       0 |   0.0 |       1 |       0 |   0.0
            +---------+---------+-------+---------+---------+-------
